 Dungeon Crawl Stone Soup version 0.19.5 (webtiles) character file.

25 tidbits the Sneak (level 2, -3/20 HPs)
             Began as a High Elf Assassin on Dec 12, 2017.
             Slain by Xiguana's ghost (6 damage)
             ... on level 3 of the Dungeon.
             The game lasted 00:05:39 (654 turns).

tidbits the Sneak (High Elf Assassin)                Turns: 654, Time: 00:05:40

Health: -3/20      AC:  5    Str: 10    XL:     2   Next: 86%
Magic:  3/3        EV: 12    Int: 19    God:
Gold:   34         SH:  0    Dex: 16    Spells: 1 memorised, 0 levels left

rFire  . . .     SeeInvis .     a - +2 dagger
rCold  . . .     Gourm    .     B - +0 robe
rNeg   . . .     Faith    .     (no shield)
rPois  .         Spirit   .     (no helmet)
rElec  .         Reflect  .     C - +1 cloak
rCorr  .         Harm     .     G - +0 pair of gloves
MR     .....                    (no boots)
Stlth  +.........               d - amulet of regeneration
                                (no ring)
                                (no ring)

@: brilliant, slowed, glowing, very slow
A: no striking features
a: no special abilities


You were on level 3 of the Dungeon.
You were not hungry.

You visited 1 branch of the dungeon, and saw 4 of its levels.

You collected 34 gold pieces.

Inventory:

Hand Weapons
 a - a +2 dagger (weapon)
 b - a +0 blowgun
Missiles
 e - 8 poisoned needles
 f - 2 curare-tipped needles
 k - 17 stones (quivered)
 p - 16 arrows
 r - 7 bolts
Armour
 n - a +0 ring mail
   (You found it on level 2 of the Dungeon)
 B - a +0 robe (worn)
 C - a +1 cloak (worn)
 G - a +0 pair of gloves (worn)
   (You found it on level 2 of the Dungeon)
Jewellery
 d - an amulet of regeneration (around neck)
   (You found it on level 2 of the Dungeon)
Scrolls
 j - a scroll of recharging
 l - 2 scrolls of identify
 o - a scroll of random uselessness
Books
 q - a book of Cantrips
   (You found it on level 3 of the Dungeon)

   Spells                             Type                      Level
   a - Confusing Touch                Hexes                        1
   b - Animate Skeleton               Necromancy                   1
   c - Summon Small Mammal            Summoning                    1
   d - Apportation                    Translocation                1
Comestibles
 c - 2 bread rations


   Skills:
 + Level 2.5 Fighting
 - Level 2.6 Short Blades
 - Level 2.2 Throwing
 + Level 1.9 Dodging
 - Level 4.5 Stealth


You couldn't memorise any spells.
You knew the following spells:

 Your Spells              Type           Power        Failure   Level  Hunger
n - Animate Skeleton      Necr           N/A          2%          1    ##.....


Dungeon Overview and Level Annotations

Branches:
Dungeon (4/15)
 Temple: D:4-7

Altars:
Okawaru
Ru

Annotations:
D:3 Xiguana's ghost, weakling SpAM


Message History

Found a sacrificial altar of Ru.
Found an iron altar of Okawaru.
Found a scroll labeled IBLOOD REVVILI.
Found 7 bolts.
An adder comes into view.
The adder hisses angrily.
Wield which item (- for none, * to show all)? (? for menu, Esc to quit)
Okay, then.
Wield which item (- for none, * to show all)? (? for menu, Esc to quit)
b - a +0 blowgun (weapon)
Firing (i - inventory. (,) - cycle):
f - 2 curare-tipped needles (quivered)
Press: ? - help, Shift-Dir - straight line, f - adder
Aim: an adder You shoot a curare-tipped needle.
The curare-tipped needle hits the adder.
The adder is poisoned.
The adder convulses.
The adder seems to slow down.
The adder is severely wounded.
a - a +2 dagger (weapon)
You closely miss the adder.
The adder is almost dead.
The adder barely misses you.
You closely miss the adder.
The adder is almost dead.
You kill the adder!
f - 2 curare-tipped needles (gained 1)
You see here 7 bolts.
r - 7 bolts
l - 3 scrolls labeled IBLOOD REVVILI (gained 1)
Press: ? - help, v - describe, . - travel An iron altar of Okawaru.
Xiguana's ghost (weakling Spriggan Arcane Marksman) comes into view.
Xiguana's ghost turns its malevolent gaze towards you.
Xiguana's ghost whispers, "You will understand me better in a moment." 2 orcs come into view.
Press: ? - help, v - describe, . - travel
Here: Xiguana's ghost The floor.
Quiver which item? (- for none, * to show all) (? for menu, Esc to quit)
Okay, then.
As you read the scroll labeled IBLOOD REVVILI, it crumbles to dust.
It is a scroll of identify.
o - a scroll of random uselessness
Okay, then.
Okay, then.
Okay, then.
You aren't carrying any items that you can evoke.
Unknown command.
Okay, then.
Xiguana's ghost points at you and mumbles some strange words.
You resist with significant effort.
Xiguana's ghost points at you and mumbles some strange words.
You are outlined in light.
It was a potion of brilliance.
You feel clever all of a sudden.
Xiguana's ghost ripples.
Press: ? - help, v - describe, . - travel
Here: Xiguana's ghost The floor.
Okay, then.
Unknown command.
As you read the scroll labeled REDEMASK ETAQE, it crumbles to dust.
It is a scroll of recharging.
You aren't carrying any rechargeable items.
Xiguana's ghost wails, "Death is your only future!"
Xiguana's ghost points at you and mumbles some strange words.
You feel yourself slow down.
As you read the scroll labeled SUAVVA UNABI, it crumbles to dust.
It is a scroll of enchant armour.
Your +0 cloak glows green for a moment.
Xiguana's ghost hits you.
As you read the scroll labeled GUECAW XE POAN, it crumbles to dust.
You assume a fearsome visage.
Xiguana's ghost is unaffected.
It was a scroll of fear.
Xiguana's ghost casts a spell at you.
You feel as though you will be slow longer.
Xiguana's ghost hits you.
As you read the scroll labeled ASORPHU UDDENISH, it crumbles to dust.
The creatures around you are filled with an inner flame!
It was a scroll of immolation.
Xiguana's ghost barely misses you.
You aren't carrying any potions.
Unknown command.
You aren't carrying any potions.
Okay, then.
Xiguana's ghost gestures at you while chanting.
You feel as though you will be slow longer.
Xiguana's ghost misses you. Xiguana's ghost barely misses you.
Xiguana's ghost barely misses you. Xiguana's ghost hits you.
Xiguana's ghost hits you.
* * * LOW HITPOINT WARNING * * *
There is an open door here.
Xiguana's ghost barely misses you.
Xiguana's ghost points at you and mumbles some strange words.
You feel as though you will be slow longer.
Xiguana's ghost screams, "I'll kill anyone who wants the ORB!"
Xiguana's ghost hits you!
* * * LOW HITPOINT WARNING * * *
Xiguana's ghost hits you.
You die...

.. #.# .# .. .. #.# W#+# #.##.#
### .#.# ..#.# #.. .#.# #.#.# #.#
.#.# #.#.# #.# .#.# #####...# #.#
...#########.......############.#
...........'...W@.>'.............
8_.#########.......############.#
...# #.......############.#
...###### #....................#
........## ######....############
#........# #................
#........# #........########
#........# #............ #
#........# #......###### #


You could see Xiguana's ghost (inner flame).

Vanquished Creatures
  An adder (D:3)
  A worm (D:2)
  A leopard gecko (D:2)
  A giant cockroach (D:2)
  4 goblins
  A hobgoblin (D:2)
  A bat (D:2)
  2 frilled lizards
  A rat (D:1)
13 creatures vanquished.

Notes
Turn   | Place    | Note
-------+----------+-------------------------------------------
     0 | D:1      | tidbits the High Elf Assassin began the quest for the Orb.
     0 | D:1      | Reached XP level 1. HP: 14/14 MP: 2/2
   311 | D:2      | Reached XP level 2. HP: 19/19 MP: 3/3
   581 | D:3      | Learned a level 1 spell: Animate Skeleton
   597 | D:3      | Found a sacrificial altar of Ru.
   599 | D:3      | Found an iron altar of Okawaru.
   630 | D:3      | Noticed Xiguana's ghost (weakling SpAM)
   654 | D:3      | Slain by Xiguana's ghost

Action                   || total
-------------------------++-------
Melee: Dagger            ||    36
 Fire: Blowgun           ||     3
  Use: Scroll            ||     5
       Potion            ||     1
 Stab: Sleeping          ||     5
Armor: Robe              ||     4
Dodge: Dodged            ||    17

Table legend:
 A = Turns spent in this place as a percentage of turns spent in the entire game.
 B = Non-inter-level travel turns spent in this place as a percentage of non-inter-level travel turns spent in the entire game.
 C = Inter-level travel turns spent in this place as a percentage of turns spent in this place.
 D = Turns resting spent in this place as a percentage of non-inter-level travel turns spent in this place.
 E = Turns spent auto-exploring this place as a percentage of non-inter-level travel turns spent in this place.
 F = Non-inter-level travel turns spent in this place divided by the number of levels of this place that you've seen.
                   A       B       C       D       E      F
               +-------+-------+-------+-------+-------+----------------------
         Total | 100.0 | 100.0 |   0.2 |   0.0 |   0.0 | 129.2
       Dungeon | 100.0 | 100.0 |   0.2 |   0.0 |   0.0 | 129.2
               +-------+-------+-------+-------+-------+----------------------

Table legend:
 A = Kills in this place as a percentage of kills in entire the game.
 B = Kills by you in this place as a percentage of kills by you in the entire game.
 C = Kills by friends in this place as a percentage of kills by friends in the entire game.
 D = Other kills in this place as a percentage of other kills in the entire game.
 E = Experience gained in this place as a percentage of experience gained in the entire game.
 F = Experience gained in this place divided by the number of levels of this place that you have seen.
                   A       B       C       D       E      F
               +-------+-------+-------+-------+-------+----------------------
         Total | 100.0 | 100.0 |  -nan |  -nan | 100.0 |   9.2
       Dungeon | 100.0 | 100.0 |  -nan |  -nan | 100.0 |   9.2
               +-------+-------+-------+-------+-------+----------------------

Vault maps used:
D:1:      tarquinn_simple_flora_water_c
D:2:      cheibriados_altar_1, grunt_ministairs_4, kennysheep_nub
D:3:      chequers_temple_overflow_statue_of_worship, first_bread, uniq_robin
D:4:      temple_statues, minmay_stone_trees_small
